 Dungeon Crawl Stone Soup version 0.32-a0-913-g739538afd8 (webtiles) character file.

Game seed: 7542312522707165546

563 heinrich the Covert (level 7, -1/35 HPs)
             Began as a Vine Stalker Brigand on Apr 8, 2024.
             Was an Initiate of Dithmenos.
             Slain by an ice beast (5 damage)
             ... on level 5 of the Dungeon.
             The game lasted 00:06:40 (3828 turns).

heinrich the Covert (Vine Stalker Brigand)          Turns: 3828, Time: 00:06:40

Health: -1/35      AC:  4    Str: 14    XL:     7   Next: 32%
Magic:  0/8        EV: 26    Int: 11    God:    Dithmenos [......]
Gold:   148        SH:  0    Dex: 17    Spells: 6/6 levels left

rFire   . . .        a - +2 dagger
rCold   . . .        (no shield)
rNeg    . . .        b - +0 robe
rPois   +            (no helmet)
rElec   .            c - +0 cloak
rCorr   .            (no gloves)
SInv    .            u - +0 pair of boots
Will    .....        j - amulet of the acrobat
Stlth   ++++         i - ring of poison resistance
HPRegen 1.05/turn    (no ring)
MPRegen 0.11/turn

%: acrobat, guardian spirit
@: acrobatic
A: fangs 2, regeneration 1, magic shield, antimagic bite, no potion heal 2
a: Renounce Religion


You were on level 5 of the Dungeon.
You worshipped Dithmenos.
Dithmenos was noncommittal.
You visited 2 branches of the dungeon, and saw 6 of its levels.

You collected 148 gold pieces.

Inventory:

Hand Weapons
 a - a +2 dagger (weapon)
 q - a +0 dagger of venom
Missiles
 d - 12 poisoned darts (quivered)
Armour
 b - a +0 robe (worn)
 c - a +0 cloak (worn)
 u - a +0 pair of boots (worn)
Jewellery
 i - a ring of poison resistance (left hand)
 j - an amulet of the acrobat (around neck)
Wands
 k - a wand of warping (12)
Scrolls
 g - a scroll of fog {unknown}
 l - a scroll of teleportation
 m - a scroll of immolation {unknown}
 p - 2 scrolls of identify {unknown}
 r - a scroll of enchant weapon {unknown}
 t - a scroll of revelation {unknown}
Potions
 f - 3 potions of heal wounds {unknown}
 h - 2 potions of haste {unknown}
 n - a potion of berserk rage {unknown}
 o - a potion of brilliance {unknown}
 s - a potion of invisibility {unknown}


   Skills:
 + Level 2.5 Fighting
 * Level 3.8 Short Blades
 + Level 2.4 Throwing
 + Level 1.5 Dodging
 * Level 8.7 Stealth
 + Level 0.4 Evocations


You had 6 spell levels left.
You didn't know any spells.
Your spell library contained the following spells:

 Spells                   Type           Power      Damage    Failure   Level
 Ensorcelled Hibernation  Hex/Ice        0%         N/A       47%         2
 Call Canine Familiar     Summ           0%         N/A       71%         3
 Passwall                 Erth           0%         N/A       71%         3
 Sigil of Binding         Hex            0%         N/A       71%         3
 Swiftness                Air            0%         N/A       71%         3
 Animate Dead             Necr           0%         N/A       98%         4
 Dimensional Bullseye     Hex/Tloc       0%         N/A       98%         4
 Borgnjor's Vile Clutch   Necr/Erth      0%         N/A       100%        5
 Death Channel            Necr           0%         N/A       100%        6


Dungeon Overview and Level Annotations

Branches:
Dungeon (5/15)             Temple (1/1) D:5

Altars:
Dithmenos
Elyvilon
Fedhas
Gozag
Kikubaaqudgha
Makhleb
Nemelex Xobeh
Okawaru
Qazlal
Sif Muna
Trog
Xom
Zin
The Shining One

Annotations:
D:3 1 runed translucent door, kr4n3x's ghost, amateur TrGl


Innate Abilities, Weirdness & Mutations

You have extremely sharp teeth.
Your natural rate of healing is unusually fast.
When hurt, damage is shared between your health and your magic reserves.
Your bite disrupts and absorbs the magic of your enemies.
Potions cannot restore your health.


Message History

You hit the ice beast.
The ice beast is heavily wounded.
You hit the ice beast.
The ice beast is severely wounded.
The ice beast hits you but does no damage.
You closely miss the ice beast.
The ice beast is severely wounded.
The ice beast closely misses you.
You hit the ice beast but do no damage. Your bite misses the ice beast.
The ice beast is severely wounded.
The ice beast hits you but does no damage.
You barely miss the ice beast.
The ice beast is severely wounded.
The ice beast hits you but does no damage.
You barely miss the ice beast. Your bite misses the ice beast.
The ice beast is severely wounded.
You hit the ice beast. You bite the ice beast. You drain its power.
You feel invigorated.
The ice beast is severely wounded.
The ice beast hits you but does no damage.
You hit the ice beast. Your bite misses the ice beast.
The ice beast is severely wounded.
The ice beast hits you but does no damage.
You barely miss the ice beast. You bite the ice beast. You drain its power.
You feel invigorated.
The ice beast is almost dead.
The ice beast hits you. The ice beast freezes you!
You closely miss the ice beast.
The ice beast is almost dead.
The ice beast hits you.
* * * LOW HITPOINT WARNING * * *
The ice beast freezes you!
* * * LOW HITPOINT WARNING * * *
You closely miss the ice beast. Your bite misses the ice beast.
The ice beast is almost dead.
The ice beast attacks as it pursues you!
The ice beast hits you.
* * * LOW HITPOINT WARNING * * *
The ice beast freezes you.
You die...

.............##...#
.............†....#
...###.......##...#
...# ..#...# ##(##
.#.# ##.# #.# ...#
## #.# .### ### #.#
.# .....##Y####...
## #!..@....... #
##.......... #
#.#.###.... #.#.#
... #.#.# .. # #.#
. ..# ...


You could see an ice beast.

Vanquished Creatures
  Sigmund (D:3)
  A howler monkey (D:4)
  A jelly (D:4)
  4 iguanas
  An orc wizard (D:3)
  Natasha (twice) (D:3)
  Terence (D:3)
  7 adders
  2 ribbon worms
  6 orcs
  8 ball pythons
  3 bats (D:3)
  4 endoplasms
  3 giant cockroaches
  7 goblins
  7 hobgoblins
  3 jackals (D:2)
  5 kobolds
  4 quokkas
  3 frilled lizards
  2 rats
75 creatures vanquished.

Notes
Turn   | Place    | Note
-------+----------+-------------------------------------------
     0 | D:1      | heinrich the Vine Stalker Brigand began the quest for the
                  | Orb.
     0 | D:1      | Reached XP level 1. HP: 11/11 MP: 2/2
    56 | D:1      | Reached skill level 5 in Stealth
    97 | D:1      | Reached XP level 2. HP: 11/15 MP: 0/3
   828 | D:2      | Reached XP level 3. HP: 18/18 MP: 4/4
   863 | D:2      | Reached skill level 6 in Stealth
   990 | D:2      | Reached XP level 4. HP: 23/23 MP: 5/5
  1332 | D:3      | Reached skill level 1 in Dodging
  1364 | D:3      | Reached skill level 7 in Stealth
  1474 | D:3      | Noticed kr4n3x's ghost (amateur TrGl)
  1481 | D:3      | Found a shimmering blue altar of Sif Muna.
  1481 | D:3      | Noticed Sigmund
  1499 | D:3      | Killed Sigmund
  1500 | D:3      | Reached XP level 5. HP: 16/26 MP: 3/6
  1500 | D:3      | Reached XP level 6. HP: 19/30 MP: 3/7
  1595 | D:3      | Found a runed translucent door.
  1641 | D:3      | Found a faded altar of an unknown god.
  1859 | D:3      | Found a blossoming altar of Fedhas.
  1911 | D:3      | Reached skill level 8 in Stealth
  1971 | D:3      | Noticed Terence
  1981 | D:3      | Noticed Natasha
  1982 | D:3      | Killed Terence
  1986 | D:3      | Killed Natasha
  2314 | D:3      | Noticed Natasha
  2330 | D:3      | HP: 1/30 [Natasha (3)]
  2332 | D:3      | Killed Natasha
  3026 | D:4      | Reached XP level 7. HP: 35/35 MP: 8/8
  3448 | D:5      | Entered Level 5 of the Dungeon
  3485 | D:5      | Found an opulent altar of Gozag.
  3693 | D:5      | Found a staircase to the Ecumenical Temple.
  3701 | Temple   | Entered the Ecumenical Temple
  3729 | Temple   | Became a worshipper of Dithmenos the Shadowed
  3828 | D:5      | Slain by an ice beast

Illustrated notes

Levels and vault maps discovered:
D:1:      mrwooster_arrival_arrow, layout_loops_cross
D:2:      layout_loops_ring
D:3:      layout_basic, mainiacjoe_overflow_alcove_4,
          mainiacjoe_overflow_six_doors_small, dreamdust_ecumenical_altar_grove,
          hellmonk_ghost_happy_afterlife, uniq_sigmund, uniq_terence,
          uniq_natasha
D:4:      layout_loops_corners
D:5:      layout_loops_ring, nzn_wu_jian_council_hall,
          mainiacjoe_overflow_tiny_flanked, minmay_temple_entry_ruins,
          chequers_serial_rivers_micro_a
Temple:   grunt_temple_mini_profane

Skill      XL: |  1  2  3  4  5  6 |
---------------+-------------------+-----
Stealth        | 5 6 7 8 |  8.7
Short Blades   | 2 3 |  3.8
Dodging        | 1 |  1.5
Fighting       | 2 |  2.5
Throwing       | 2 |  2.4
Evocations     | |  0.4

Action                     |  1- 3 |  4- 6 |  7- 9 || total
---------------------------+-------+-------+-------++-------
  Melee: Dagger            |    67 |   114 |    50 ||   231
         Bite              |    13 |    20 |    16 ||    49
  Throw: Dart              |       |    22 |     2 ||    24
  Evoke: Wand              |       |     7 |       ||     7
    Use: Scroll            |       |     1 |       ||     1
   Stab: Sleeping          |    15 |     9 |     4 ||    28
         Distracted        |       |     1 |       ||     1
 Armour: Robe              |    33 |    57 |    23 ||   113
  Dodge: Dodged            |    29 |    51 |    25 ||   105

Table legend: (Time is in decaauts)
 A = Elapsed time spent in this place.
 B = Non-inter-level travel time spent in this place.
 C = Inter-level travel time spent in this place.
 D = Time resting spent in this place.
 E = Time spent auto-exploring this place.
 F = Levels seen in this place.
 G = Mean time per level.
                   A        B        C        D        E       F      G
               +--------+--------+--------+--------+--------+-----+--------+
         Total |   3793 |   3699 |     94 |    140 |   2884 |   6 |  632.2 |
       Dungeon |   3741 |   3670 |     71 |    140 |   2884 |   5 |  748.2 |
        Temple |     51 |     28 |     23 |      0 |      0 |   1 |   51.0 |
               +--------+--------+--------+--------+--------+-----+--------+

Top non-repeatable levels by time:
     D:3: 1273 daAuts
     D:4: 830 daAuts
     D:1: 660 daAuts
     D:2: 656 daAuts
     D:5: 319 daAuts
  Temple: 51 daAuts
